 Dungeon Crawl Stone Soup version 0.32-a0-909-gc671339a80 (webtiles) character file.

Game seed: 135511763173356793

215 Shayle the Ducker (level 5, -3/42 HPs)
             Began as a Coglin Alchemist on Apr 6, 2024.
             Slain by Duvessa
             ... wielding a +0 short sword
              (5 damage)
             ... on level 4 of the Dungeon.
             The game lasted 00:08:14 (2569 turns).

Shayle the Ducker (Coglin Alchemist)                Turns: 2569, Time: 00:08:14

Health: -3/42      AC:  8    Str:  7 (8)  XL:     5   Next: 92%
Magic:  7/7        EV: 11    Int: 16 (17) God:
Gold:   374        SH:  0    Dex: 13 (14) Spells: 6/7 levels left

rFire   + . .        i - +0 sling {Kazuki}
rCold   . . .        j - +0 sling {Pancho}
rNeg    . . .        k - +0 leather armour {rF+}
rPois   .            s - +0 helmet
rElec   .            (no cloak)
rCorr   .            w - +0 pair of gloves
SInv    .            e - +2 pair of boots
Will    .....        (amulet unavailable)
Stlth   ++           (ring unavailable)
HPRegen 0.27/turn    (ring unavailable)
MPRegen 0.10/turn    (no gizmo)

%: no passive effects
@: brilliant, revved
A: off-hand wielding, slow wielding, warmup strikes, no jewellery
a: Invent Gizmo


You were on level 4 of the Dungeon.
You visited 1 branch of the dungeon, and saw 4 of its levels.

You collected 374 gold pieces.

Inventory:

Hand Weapons
 h - a +0 short sword
 i - a +0 sling (weapon) {Kazuki}
 j - a +0 sling (offhand) {Pancho}
 o - a +3 short sword
 y - a +0 long sword
Armour
 a - a +0 robe
 e - a +2 pair of boots (worn)
 k - a +0 leather armour of fire resistance (worn)
 s - a +0 helmet (worn)
 w - a +0 pair of gloves (worn)
Scrolls
 c - 6 scrolls of identify
 d - 6 scrolls of teleportation
 m - a scroll of fear {unknown}
 r - a scroll of enchant weapon {unknown}
 t - a scroll of brand weapon {unknown}
 u - a scroll of immolation {unknown}
Potions
 b - a potion of magic
 g - a potion of enlightenment
 p - a potion of might


   Skills:
 + Level 3.7 Fighting
 + Level 4.0 Dodging
 - Level 1.5 Stealth
 - Level 1.7 Spellcasting
 - Level 0.8 Conjurations
 - Level 3.2 Alchemy


You had 6 spell levels left.
You knew the following spells:

 Your Spells              Type           Power      Damage    Failure   Level
a - Sting                 Conj/Alch      48%        1d6       14%         1

Your spell library contained the following spells:

 Spells                   Type           Power      Damage    Failure   Level
 Mercury Vapours          Alch/Air       20%        N/A       24%         2
 Call Imp                 Summ           4%         N/A       43%         2
 Sublimation of Blood     Necr           2%         N/A       43%         2
 Mephitic Cloud           Conj/Alch/Air  8%         N/A       50%         3
 Olgreb's Toxic Radiance  Alch           17%        N/A       63%         4
 Sticky Flame             Fire/Alch      10%        2d5       85%         4
 Summon Hydra             Summ           1%         N/A       100%        7


Dungeon Overview and Level Annotations

Branches:
Dungeon (4/15)
 Temple: D:4-7

Altars:
Ru
Yredelemnul

Annotations:
D:4 Duvessa


Innate Abilities, Weirdness & Mutations

You can wield a second weapon in your off-hand.
It takes a long time for you to wield or remove held weapons.
Your first few attacks do less damage.
You cannot equip rings or amulets.


Message History

You shoot a sling bullet. The sling bullet barely misses Duvessa.
You shoot a sling bullet. The sling bullet barely misses Duvessa.
Duvessa hits you but does no damage.
You shoot a sling bullet. The sling bullet barely misses Duvessa.
You shoot a sling bullet.
The sling bullet hits Duvessa but does no damage.
Duvessa is heavily wounded.
Duvessa hits you with a +0 short sword. x2
You shoot a sling bullet.
The sling bullet hits Duvessa but does no damage.
Duvessa is heavily wounded.
You shoot a sling bullet. The sling bullet hits Duvessa.
Duvessa is heavily wounded.
Duvessa hits you with a +0 short sword.
* * * LOW HITPOINT WARNING * * *
You shoot a sling bullet.
The sling bullet hits Duvessa but does no damage.
Duvessa is heavily wounded.
You shoot a sling bullet.
The sling bullet hits Duvessa but does no damage.
Duvessa is heavily wounded.
Duvessa hits you but does no damage. Duvessa hits you with a +0 short sword!
* * * LOW HITPOINT WARNING * * *
You shoot a sling bullet. The sling bullet hits Duvessa.
Duvessa is severely wounded.
You shoot a sling bullet.
The sling bullet hits Duvessa but does no damage.
Duvessa is severely wounded.
Duvessa hits you with a +0 short sword.
* * * LOW HITPOINT WARNING * * *
You shoot a sling bullet.
The sling bullet hits Duvessa but does no damage.
Duvessa is severely wounded.
You shoot a sling bullet.
The sling bullet hits Duvessa but does no damage.
Duvessa is severely wounded.
Duvessa hits you with a +0 short sword.
* * * LOW HITPOINT WARNING * * *
Duvessa hits you with a +0 short sword.
You die...

#.....# #....# #..#####
#......#######
#......†...... ###
#....####..... #.##
##.#### ####..
#..######...### ##.
##...e@.......########.
#...#####...........#.
#..### #...###.......
#....# ##.## #######.
#.)..## #.# ## ......
##.# #...... ##..##
#...... ##.##.##
#...... #.####.# .


You could see Duvessa.

Vanquished Creatures
  A black bear (D:4)
  An iguana (D:4)
  3 adders
  2 adder zombies (D:3)
  A ribbon worm (D:2)
  An orc (D:3)
  An endoplasm (D:1)
  2 giant cockroaches
  4 goblins
  7 hobgoblins
  7 jackals
  2 quokkas (D:2)
  8 ball pythons
  9 bats
  2 frilled lizards
  A giant cockroach zombie (D:3)
  5 kobolds
  A quokka zombie (D:3)
  3 rats
61 creatures vanquished.

Notes
Turn   | Place    | Note
-------+----------+-------------------------------------------
     0 | D:1      | Shayle the Coglin Alchemist began the quest for the Orb.
     0 | D:1      | Reached XP level 1. HP: 13/13 MP: 3/3
    82 | D:1      | Found a faded altar of an unknown god.
   125 | D:1      | Reached skill level 2 in Dodging
   401 | D:1      | Reached skill level 1 in Fighting
   401 | D:1      | Reached XP level 2. HP: 21/21 MP: 1/4
   888 | D:2      | Reached XP level 3. HP: 26/27 MP: 0/5
  1146 | D:2      | Found a sacrificial altar of Ru.
  1608 | D:2      | Reached XP level 4. HP: 34/34 MP: 6/6
  1753 | D:3      | Reached skill level 3 in Dodging
  2090 | D:3      | Found a basalt altar of Yredelemnul.
  2317 | D:4      | Noticed a black bear
  2328 | D:4      | Killed a black bear
  2329 | D:4      | Reached XP level 5. HP: 16/41 MP: 7/7
  2519 | D:4      | Reached skill level 4 in Dodging
  2525 | D:4      | Noticed Duvessa
  2569 | D:4      | HP: 2/42 [Duvessa/+0 short sword (1)]
  2569 | D:4      | Slain by Duvessa

Illustrated notes

Levels and vault maps discovered:
D:1:      dpeg_arrival_rooms_b, layout_rooms, shapermc_ecumenical_altar_venn
D:2:      layout_loops_corners, basic_altar
D:3:      layout_rooms, nicolae_yredelemnul_corpse_copse,
          minmay_gold_behind_fungi, serial_bayou_lake_a
D:4:      minmay_chambers_of_twos, layout_layer_cave, uniq_duvessa

Skill      XL: |  1  2  3  4  5 |
---------------+----------------+-----
Dodging        | 2 3 4 |  4.0
Fighting       | 1 2 3 |  3.7
Stealth        | |  1.5
Spellcasting   | |  1.7
Conjurations   | |  0.8
Alchemy        | |  3.2

Action                     |  1- 3 |  4- 6 || total
---------------------------+-------+-------++-------
  Melee: Unarmed           |    13 |       ||    13
         Sling             |       |     2 ||     2
   Fire: Sling             |   112 |   204 ||   316
   Cast: Sting             |    27 |       ||    27
    Use: Scroll            |     3 |       ||     3
         Potion            |       |     9 ||     9
 Armour: Robe              |    11 |       ||    11
         Leather armour    |     8 |    67 ||    75
  Dodge: Dodged            |    24 |    51 ||    75

Table legend: (Time is in decaauts)
 A = Elapsed time spent in this place.
 B = Non-inter-level travel time spent in this place.
 C = Inter-level travel time spent in this place.
 D = Time resting spent in this place.
 E = Time spent auto-exploring this place.
 F = Levels seen in this place.
 G = Mean time per level.
                   A        B        C        D        E       F      G
               +--------+--------+--------+--------+--------+-----+--------+
         Total |   2649 |   2528 |    121 |    335 |   1543 |   4 |  662.2 |
       Dungeon |   2649 |   2528 |    121 |    335 |   1543 |   4 |  662.2 |
               +--------+--------+--------+--------+--------+-----+--------+

Top non-repeatable levels by time:
     D:1: 893 daAuts
     D:2: 853 daAuts
     D:3: 601 daAuts
     D:4: 301 daAuts
